 Dungeon Crawl Stone Soup version 0.23.2 (webtiles) character file.

Game seed: 4721183312821365413

60 Lusmu the Shooter (level 3, -11/30 HPs)
             Began as a Centaur Hunter on Apr 4, 2019.
             Mangled by an orc warrior
             ... wielding a +0 war axe
              (13 damage)
             ... on level 2 of the Dungeon.
             The game lasted 00:07:18 (1850 turns).

Lusmu the Shooter (Centaur Hunter)                  Turns: 1850, Time: 00:07:18

Health: -11/30     AC:  6    Str: 16    XL:     3   Next: 82%
Magic:  3/3        EV:  8    Int: 10    God:
Gold:   96         SH:  0    Dex: 10    Spells: 2/2 levels left

rFire    + . .     SeeInvis .   q - +0 short sword (speed)
rCold    . . .     Gourm    .   (no shield)
rNeg     . . .     Faith    .   k - +0 ring mail
rPois    .         Spirit   .   (no helmet)
rElec    .         Reflect  .   b - +0 cloak
rCorr    .         Harm     .   (no gloves)
MR       .....                  (no barding)
Stlth    ..........             (no amulet)
HPRegen  0.10/turn              (no ring)
MPRegen  0.08/turn              (no ring)

@: very quick
A: large, hooves 3, blink, deformed body, fire resistance 1, speed 2, strong 1,
tough skin 3, MP-powered wands
a: Blink


You were on level 2 of the Dungeon.
You were not hungry.

You visited 1 branch of the dungeon, and saw 2 of its levels.

You collected 96 gold pieces.

Inventory:

Hand Weapons
 e - a +1 shortbow
 q - a +0 short sword of speed (weapon)
Missiles
 d - 5 arrows
 j - 28 poisoned needles
Armour
 b - a +0 cloak (worn)
 k - a +0 ring mail (worn)
Jewellery
 p - an uncursed amulet of faith
Scrolls
 a - a scroll of teleportation
 h - a scroll of noise
 i - 2 scrolls of magic mapping
 m - a scroll of fear {unknown}
Potions
 c - a potion of flight
 g - a potion of curing {unknown}
 n - a potion of lignification {unknown}
Comestibles
 f - 2 rations
 l - 2 chunks of flesh


   Skills:
 + Level 2.9 Fighting
 + Level 1.6 Short Blades
 + Level 6.0 Bows
 - Level 1.3 Dodging
 - Level 0.4 Stealth


You had 2 spell levels left.
You didn't know any spells.
Your spell library was empty.

Dungeon Overview and Level Annotations

Branches:
Dungeon (2/15)

Altars:
Dithmenos
Trog


Innate Abilities, Weirdness & Mutations

You have hooves in place of feet.
Armour fits poorly on your strangely shaped body.
You cover ground very quickly.
You have extremely tough skin. (AC +3)
You can translocate small distances at will.
Your flesh is heat resistant. (rF+)
Your muscles are strong. (Str +2)
You expend magic power (3 MP) to strengthen your wands.


Message History

Your kick misses the orc warrior.
The orc warrior is heavily wounded.
The orc warrior hits you with a +0 war axe!
You hit the orc warrior but do no damage.
The orc warrior is heavily wounded.
You hit the orc warrior but do no damage.
You kick the orc warrior.
The orc warrior is heavily wounded.
The orc warrior closely misses you.
You hit the orc warrior but do no damage.
The orc warrior is heavily wounded.
You hit the orc warrior but do no damage.
The orc warrior is heavily wounded.
The orc warrior hits you with a +0 war axe!!
Ouch! That really hurt!
* * * LOW HITPOINT WARNING * * *
You hit the orc warrior. Your kick misses the orc warrior.
The orc warrior is severely wounded.
The orc warrior hits you with a +0 war axe!
You die...

...........## #.............# #
............###.........###.#
................###########.#
.............##.....# #....#
..#########..######.# #.####
#.#......(..(((..##.####.#
#.#.############.##.#....#
#.#.#..### #o##.#.######
#.#(.....# #@#..#......#
..#....#.# ###.#...###.######
###.(.##.###### #.#..#..........
......##.#....# #.#....##.######
...(..(..#.##.# #.#.#####.....##
.####(####.##.####.#.....(((.(...
.......#....#....#...#.#######.#.
....#..#.#######o###.#.# #.#.
.......#.# #.....#.# #...


You could see an orc warrior.

Vanquished Creatures
  An adder (D:2)
  An ooze (D:2)
  A worm (D:2)
  2 dart slugs (D:1)
  A leopard gecko (D:2)
  4 giant cockroaches (D:1)
  4 goblins
  5 hobgoblins
  6 jackals
  A quokka (D:2)
  3 bats (D:2)
  2 frilled lizards
  2 kobolds
  3 rats (D:2)
36 creatures vanquished.

Notes
Turn   | Place    | Note
-------+----------+-------------------------------------------
     0 | D:1      | Lusmu the Centaur Hunter began the quest for the Orb.
     0 | D:1      | Reached XP level 1. HP: 17/17 MP: 1/1
   235 | D:1      | Reached XP level 2. HP: 18/24 MP: 2/2
   466 | D:1      | Reached skill level 1 in Short Blades
   713 | D:2      | Reached XP level 3. HP: 29/30 MP: 3/3
  1157 | D:2      | Found a bloodstained altar of Trog.
  1315 | D:2      | Gained mutation: You can translocate small distances at
                  | will. [potion of mutation]
  1315 | D:2      | Gained mutation: Your muscles are strong. (Str +2) [potion
                  | of mutation]
  1315 | D:2      | Gained mutation: You expend magic power (3 MP) to
                  | strengthen your wands. [potion of mutation]
  1315 | D:2      | Gained mutation: Your flesh is heat resistant. (rF+)
                  | [potion of mutation]
  1326 | D:2      | Reached skill level 6 in Bows
  1518 | D:2      | Found a shadowy altar of Dithmenos.
  1753 | D:2      | Noticed an orc warrior
  1850 | D:2      | Mangled by an orc warrior

Skill      XL: |  1  2  3 |
---------------+----------+-----
Short Blades   | 1 |  1.6
Bows           | 6 |  6.0
Fighting       | |  2.9
Dodging        | |  1.3
Stealth        | |  0.4

Action                   || total
-------------------------++-------
Melee: Short sword       ||   120
       Kick              ||    30
 Fire: Shortbow          ||    23
  Use: Scroll            ||     6
       Potion            ||     1
  Eat: Chunk             ||     2
Armor: Ring mail         ||    39
Dodge: Dodged            ||    51
